 Dungeon Crawl Stone Soup version 0.17-a0-1954-g0dddeaa (webtiles) character file.

1600 truemonolith the Martial Artist (level 8, -6/63 HPs)
             Began as a White Draconian Monk on Oct 4, 2015.
             Was a Priest of Cheibriados.
             Mangled by an orc warrior
             ... wielding a +0 glaive
              (12 damage)
             ... on level 7 of the Dungeon.
             The game lasted 00:16:27 (6607 turns).

truemonolith the Martial Artist (DrMo)              Turns: 6607, Time: 00:16:27

Health: -6/63      AC:  8    Str: 23    XL:     8   Next: 62%
Magic:  5/8        EV: 14    Int: 18    God:    Cheibriados [***...]
Gold:   299        SH:  0    Dex: 23    Spells: 1 memorised, 6 levels left

rFire  . . .     SeeInvis .       - Unarmed
rCold  + . .     Clarity  .     (armour unavailable)
rNeg   . . .     SustAt   .     (no shield)
rPois  .         Gourm    .     (helmet restricted)
rElec  .         Spirit   .     s - +1 cloak
rCorr  .         Warding  .     (no gloves)
rMut   .         Stasis   .     (no boots)
MR     ++...                    (no amulet)
Stlth  ++........               t - ring of protection from magic
                                h - ring of protection from magic

@: very slow, very resistant to hostile enchantments, unstealthy
A: breathe frost, unfitting armour, cold resistance 1, cold-blooded, AC +6
a: Breathe Frost, Bend Time, Temporal Distortion, Renounce Religion


You were on level 7 of the Dungeon.
You worshipped Cheibriados.
Cheibriados was most pleased with you.
You were not hungry.

You visited 2 branches of the dungeon, and saw 8 of its levels.

You collected 299 gold pieces.

Inventory:

Armour
 s - a +1 cloak (worn)
Jewellery
 g - an uncursed ring of ice
 h - a ring of protection from magic (left hand)
 r - an uncursed ring of stealth {unknown}
 t - a ring of protection from magic (right hand)
Magical devices
 n - a wand of polymorph (24)
Scrolls
 d - 4 scrolls of identify
 e - a scroll of noise
 f - a scroll of recharging
 o - 2 scrolls of immolation
 q - a scroll of fog {unknown}
Potions
 b - a potion of flight
 k - a potion of curing {unknown}
 p - 3 potions of degeneration {unknown}
Books
 i - a book of Minor Magic

   Spells                             Type                      Level
   a - Magic Dart                     Conjuration                  1
   b - Blink                          Translocation                2
   c - Call Imp                       Summoning                    2
   d - Repel Missiles                 Charms/Air                   2
   e - Slow                           Hexes                        2
   f - Conjure Flame                  Conjuration/Fire             3
   g - Mephitic Cloud                 Conjuration/Poison/Air       3
 j - a book of Frost

   Spells                             Type                      Level
   a - Freeze                         Ice                          1
   b - Throw Frost                    Conjuration/Ice              2
   c - Ozocubu's Armour               Charms/Ice                   3
   d - Throw Icicle                   Conjuration/Ice              4
   e - Summon Ice Beast               Ice/Summoning                4
   f - Condensation Shield            Ice                          4
 m - a book of Changes

   Spells                             Type                      Level
   a - Beastly Appendage              Transmutation                1
   b - Sticks to Snakes               Transmutation                2
   c - Spider Form                    Transmutation/Poison         3
   d - Ice Form                       Ice/Transmutation            4
   e - Blade Hands                    Transmutation                5
Comestibles
 a - 3 bread rations
 c - 3 meat rations
 l - a beef jerky


   Skills:
 - Level 3.2 Fighting
 - Level 2.6 Dodging
 - Level 1.7 Stealth
 - Level 10.2 Unarmed Combat
 + Level 5.3 Transmutations


You had 6 spell levels left.
You knew the following spells:

 Your Spells              Type           Power        Failure   Level  Hunger
a - Beastly Appendage     Trmt           ###...       2%          1    ##.....


Dungeon Overview and Level Annotations

Branches:
Dungeon (7/15)             Temple (1/1) D:4

Altars:
Ashenzari
Cheibriados
Makhleb
Nemelex Xobeh
Ru
The Shining One


Innate Abilities, Weirdness & Mutations

You can breathe waves of freezing cold.
You can buffet flying creatures when you breathe cold.
Your icy white scales are hard (AC +6).
Your body does not fit into most forms of armour.
Your flesh is cold resistant.
You are cold-blooded and may be slowed by cold attacks.


Message History

Okay, then.
Use which ability?
Okay, then.
Use which ability?
The flow of time bends around you.
Cheibriados rebukes the orc warrior.
The orc warrior seems to slow down.
You feel slightly more hungry. The orc warrior barely misses you.
You completely miss the orc warrior.
The orc warrior is heavily wounded.
You barely miss the orc warrior.
The orc warrior is heavily wounded.
The orc warrior barely misses you.
An orc priest comes into view. It is wielding a hand axe.
You closely miss the orc warrior.
The orc warrior is heavily wounded.
You hit the orc warrior.
The orc warrior is severely wounded.
The orc warrior hits you with a glaive!
You die...

#.# #...........
#.# #...........
#.# #.#...#.###
#.# #.##.## #
y.#
####.##)##.###.
.......!.......
####....#####...
####.# ..# #@#
..# #o# ..# #o#
###.. ... ...
### #.# #<# #.#
#.# #.#


You could see an orc warrior and an orc priest.

Vanquished Creatures
  A water moccasin (D:7)
  2 ice beasts
  2 centaurs (D:5)
  5 ogres
  A water moccasin zombie (D:5)
  A scorpion (D:4)
  A crimson imp (D:5)
  An iguana (D:5)
  2 orc priests (D:4)
  An orc wizard (D:4)
  2 centaur skeletons
  3 jellies
  4 worker ants
  2 hounds
  A worker ant zombie (D:5)
  8 adders
  3 shadow imps
  4 worms
  2 giant geckos (D:1)
  13 orcs
  2 ball pythons (D:2)
  8 goblins
  8 hobgoblins
  19 jackals
  6 bats
  3 giant cockroaches
  A giant gecko skeleton (D:6)
  4 giant newts
  7 kobolds
  A quokka zombie (D:4)
  6 rats
  A rat zombie (D:4)
125 creatures vanquished.

Notes
Turn   | Place    | Note
--------------------------------------------------------------
     0 | D:1      | truemonolith the Draconian Monk began the quest for the Orb.
     0 | D:1      | Reached XP level 1. HP: 19/19 MP: 1/1
   312 | D:1      | Reached XP level 2. HP: 26/26 MP: 2/2
   898 | D:2      | Reached skill level 5 in Unarmed Combat
   898 | D:2      | Reached XP level 3. HP: 31/31 MP: 3/3
  1496 | D:2      | Reached XP level 4. HP: 26/38 MP: 4/4
  1925 | D:3      | Found a faded altar to an unknown god.
  2124 | D:3      | Reached skill level 6 in Unarmed Combat
  2181 | D:3      | Found a burning altar of Makhleb.
  2233 | D:4      | Found a shattered altar of Ashenzari.
  2252 | D:4      | Reached XP level 5. HP: 16/45 MP: 5/5
  2638 | D:4      | Noticed a phantom
  3314 | D:4      | Found a staircase to the Ecumenical Temple.
  3345 | Temple   | Entered the Ecumenical Temple
  3357 | Temple   | Became a worshipper of Cheibriados the Contemplative
  3357 | Temple   | Acquired Cheibriados's first power
  3495 | D:4      | Noticed an ogre
  3505 | D:4      | Killed an ogre
  3505 | D:4      | Reached skill level 7 in Unarmed Combat
  3505 | D:4      | Reached XP level 6. HP: 38/51 MP: 6/6
  4139 | D:4      | Reached skill level 8 in Unarmed Combat
  4796 | D:5      | Entered Level 5 of the Dungeon
  4821 | D:5      | Your scales start taking on an icy white colour.
  4821 | D:5      | Gained mutation: Your flesh is cold resistant. [White Draconian growth]
  4821 | D:5      | Reached XP level 7. HP: 35/57 MP: 7/7
  4833 | D:5      | Learned a level 1 spell: Beastly Appendage
  5109 | D:5      | Reached skill level 9 in Unarmed Combat
  5452 | D:5      | Acquired Cheibriados's second power
  5620 | D:5      | Reached skill level 10 in Unarmed Combat
  5678 | D:5      | Reached XP level 8. HP: 63/63 MP: 8/8
  5900 | D:6      | Reached skill level 1 in Transmutations
  5985 | D:6      | Found a sparkling altar of Nemelex Xobeh.
  6418 | D:7      | Found a sacrificial altar of Ru.
  6573 | D:7      | Reached skill level 5 in Transmutations
  6607 | D:7      | Mangled by an orc warrior

Vault maps used:
D:1:      minmay_arrival_shattered_statue
D:3:      ecumenical_altar_1, bloody_makhleb
D:4:      overflow_temple_1_default, minmay_temple_entry_glassed_door,
          enter_ossuary_4
D:5:      first_bread
D:6:      nemelex_lonely_heart_becter
D:7:      overflow_temple_1_default, serial_shops, nicolae_shop_crystal
Temple:   nicolae_temple_elliptical

Action                   |  1- 3 |  4- 6 |  7- 9 || total
-------------------------+-------+-------+-------++-------
Melee: Unarmed           |   150 |   189 |   109 ||   448
 Cast: Beastly Appendage |       |       |     2 ||     2
Invok: Bend Time         |       |       |     1 ||     1
  Use: Potion            |       |     5 |       ||     5
       Scroll            |       |     1 |     7 ||     8
 Stab: Sleeping          |     2 |     3 |     3 ||     8
       Distracted        |       |     1 |     1 ||     2
  Eat: Chunk             |     1 |     2 |       ||     3
       Meat ration       |       |     1 |       ||     1
       Bread ration      |       |     1 |       ||     1
